AoeStats
← Kuno

Arena

511052555Analyzed
1v1 RM · 8h ago on Oct 3, 2026· 112m 55s· 2 players
Game mode
Random Map
Map size
Tiny (2 player)
Population
200
Speed
Normal
Resources
Standard
Victory
Conquest
Starting age
Dark Age
Ending age
Imperial Age
RankedLock teamsTeams togetherTeam positionsShared explorationLock speedFull tech treeHidden civsTurbo modeCheats
Victory
Defeat
🇺🇸 Varangians · United States
791
+15
🇩🇪 Teutons · Germany
770
-15
Kuno
13:28 Feudal Age
17:58 Castle Age
16:13 Double-Bit Axe
17:57 Loom
18:23 Man-at-Arms
19:40 Horse Collar
20:17 Bow Saw
20:37 Stone Mining
20:42 Gold Mining
22:46 Long Swordsman
25:34 Pikeman
33:19 Imperial Age
32:26 Ballistics
34:34 Two-Handed Swordsman
34:51 Cavalier
37:28 Chemistry
35:57 Champion
38:03 Heated Shot
41:30 Gambesons
41:47 Squires
41:09 Halberdier
48:25 Stone Shaft Mining
48:30 Wheelbarrow
50:44 Hand Cart
51:21 Onager
52:14 Arrowslits
56:27 Forging
56:18 Scale Mail Armor
56:15 Paladin
61:13 Iron Casting
60:54 Chain Mail Armor
63:03 Blast Furnace
64:32 Plate Mail Armor
67:30 Conscription
69:02 Scale Barding Armor
72:26 Elite Skirmisher
73:32 Fletching
73:43 Padded Archer Armor
83:46 Two-Man Saw
Gh05t X Warri0r
11:46 Feudal Age
12:12 Double-Bit Axe
14:01 Wheelbarrow
13:38 Horse Collar
14:18 Fletching
20:11 Castle Age
18:16 Gold Mining
18:25 Stone Mining
19:52 Bloodlines
20:01 Scale Barding Armor
22:19 Devotion
23:33 Stone Shaft Mining
22:43 Pikeman
24:04 Bow Saw
24:55 Forging
25:22 Bodkin Arrow
25:53 Murder Holes
28:15 Fortified Wall
33:21 Imperial Age
33:58 Chain Barding Armor
34:14 Iron Casting
35:29 Hand Cart
35:02 Loom
36:26 Two-Man Saw
36:45 Ballistics
36:41 Elite Varangian Guard
37:09 Gambesons
37:27 Scale Mail Armor
38:27 Blast Furnace
38:28 Town Watch
38:53 Heavy Plow
39:03 Siege Engineers
39:59 Chemistry
40:57 Town Patrol
42:01 Bracer
42:38 Plate Barding Armor
44:00 Onager
44:23 Gothikon
45:24 Conscription
48:06 Crop Rotation
48:55 Padded Archer Armor
49:10 Chain Mail Armor
48:54 Halberdier
49:34 Squires
57:36 Elite Skirmisher
63:23 Padded Archer Armor
63:54 Plate Mail Armor
84:26 Elite Jarl
85:46 Arson
88:08 Masonry
89:12 Husbandry
88:32 Light Cavalry
97:07 Hussar
103:04 Leather Archer Armor
Connection lost

Rejoining the realm…

Still unreachable

The connection could not be restored.

Session expired

The server has moved on; the page needs a fresh start.